 Dungeon Crawl Stone Soup version 0.20-a0-1026-gc3ddcbd (webtiles) character file.

81 Chaoticas the Firebug (level 4, -16/24 HPs)
             Began as a Gargoyle Fire Elementalist on Apr 20, 2017.
             Demolished by a two-headed ogre
             ... wielding a +0 giant club
              (21 damage)
             ... on level 3 of the Dungeon.
             The game lasted 00:08:45 (2195 turns).

Chaoticas the Firebug (Gargoyle Fire Elementalist)  Turns: 2195, Time: 00:08:47

Health: -16/24     AC:  5    Str: 12    XL:     4   Next: 42%
Magic:  6/8        EV: 12    Int: 16    God:
Gold:   182        SH:  0    Dex: 10    Spells: 3/9 levels left

rFire    . . .     SeeInvis .   h - +0 whip
rCold    . . .     Gourm    .   (no shield)
rNeg     + . .     Faith    .   j - +0 robe
rPois    ∞         Spirit   .   (no helmet)
rElec    +         Reflect  .   (no cloak)
rCorr    .         Harm     .   (no gloves)
MR       .....                  (no boots)
Stlth    ++........             (no amulet)
Regen    0.1/turn               (no ring)
MPRegen  0.2/turn               (no ring)

@: no status effects
A: negative energy resistance 1, electricity resistance, unbreathing,
petrification resistance, rot immunity, AC +3
a: no special abilities


You were on level 3 of the Dungeon.
You were hungry.

You visited 1 branch of the dungeon, and saw 3 of its levels.

You collected 182 gold pieces.

Inventory:

Hand Weapons
 h - a +0 whip (weapon)
 m - a cursed -2 dagger
 n - a +0 dagger of draining
Missiles
 i - 78 stones (quivered)
Armour
 j - a +0 robe (worn)
Jewellery
 a - an uncursed ring of ice
Scrolls
 f - a scroll of teleportation
 k - a scroll of fear {unknown}
 l - a scroll of amnesia
 r - a scroll of identify
Potions
 d - a potion of haste {unknown}
 e - 3 potions of brilliance {unknown}
 g - a potion of curing {unknown}
 o - 2 potions of ambrosia {unknown}
 q - a potion of heal wounds {unknown}
Books
 b - a book of Flames

   Spells                             Type                      Level
   a - Flame Tongue                   Conjuration/Fire             1
   b - Throw Flame                    Conjuration/Fire             2
   c - Conjure Flame                  Conjuration/Fire             3
   d - Inner Flame                    Hexes/Fire                   3
   e - Sticky Flame                   Conjuration/Fire             4
   f - Fireball                       Conjuration/Fire             5
Comestibles
 c - a bread ration
 p - 3 fruits


   Skills:
 - Level 1.5 Dodging
 - Level 2.1 Stealth
 * Level 3.1 Spellcasting
 * Level 2.5 Conjurations
 * Level 3.5 Fire Magic


You had 3 spell levels left.
You knew the following spells:

 Your Spells              Type           Power        Failure   Level  Hunger
a - Flame Tongue          Conj/Fire      ##...        5%          1    None
b - Throw Flame           Conj/Fire      ##....       8%          2    ##.....
c - Conjure Flame         Conj/Fire      ##......     16%         3    ###....


Dungeon Overview and Level Annotations

Branches:
Dungeon (3/15)

Altars:
Wu Jian

Annotations:
D:2 Terence


Innate Abilities, Weirdness & Mutations

You are resistant to torment.
Your stone body is resilient. (AC +3)
You are immune to poison.
You resist negative energy. (rN+)
You are resistant to electric shocks. (rElec)
You can survive without breathing.
You are immune to petrification.
You are immune to rotting.


Message History

Aiming: Flame Tongue
Press: ? - help, Shift-Dir - straight line, f/p - two-headed ogre
Aim: a two-headed ogre, wielding two giant clubs (lightly wounded)
The flame tongue hits the two-headed ogre.
The two-headed ogre is lightly wounded.
You are feeling hungry.
The two-headed ogre closely misses you. x2
There is a stone staircase leading up here.
Found 12 gold pieces.
A quokka comes into view.
Found a scroll labeled ATUTWOAPAIL.
The quokka moves out of view.
You see here a scroll labeled ATUTWOAPAIL.
k - a scroll labeled ATUTWOAPAIL The two-headed ogre hits you with a giant club!
Ouch! That really hurt!
* * * LOW HITPOINT WARNING * * *
The two-headed ogre hits you with a giant club!!
Ouch! That really hurt!
You die...

#.. ... #.#...#. .#
#.#...#. #.# # #.#...#.
#.#### #.####.#...#.
#....### #..........#.#
#..#... #.............
......#
##.###.#####.###.#.#.###
#†# #.@O.r.....$. #.#
#####.#.#.## #.# #.....#
#.# ###.### #.# #.# #.#
########.# #.#
#...<....#
#.####.########
#.......#


You could see a two-headed ogre and a quokka.

Vanquished Creatures
  3 adders
  An ooze (D:2)
  A worm (D:2)
  A dart slug (D:2)
  A leopard gecko (D:1)
  3 giant cockroaches
  9 goblins
  4 hobgoblins
  7 kobolds
  4 bats
  5 frilled lizards
  5 rats
44 creatures vanquished.

Notes
Turn   | Place    | Note
-------+----------+-------------------------------------------
     0 | D:1      | Chaoticas the Gargoyle Fire Elementalist began the quest for the Orb.
     0 | D:1      | Reached XP level 1. HP: 10/10 MP: 3/3
   239 | D:1      | Reached XP level 2. HP: 15/15 MP: 1/5
   751 | D:1      | Reached XP level 3. HP: 16/19 MP: 1/7
  1174 | D:1      | Learned a level 2 spell: Throw Flame
  1178 | D:1      | Learned a level 3 spell: Conjure Flame
  1423 | D:2      | Found an ornate altar of the Wu Jian Council.
  1560 | D:2      | Reached XP level 4. HP: 24/24 MP: 8/8
  1577 | D:2      | Noticed Terence
  2159 | D:3      | Noticed a two-headed ogre
  2195 | D:3      | Demolished by a two-headed ogre

Vault maps used:
D:1:      minmay_arrival_checkered_box
D:2:      nicolae_overflow_crystal_walls, uniq_terence
D:3:      grunt_temple_overflow_champion_of_chaos, minmay_surrounded

Skill      XL: |  1  2  3 |
---------------+----------+-----
Spellcasting   | 3 |  3.1
Conjurations   | 2 |  2.5
Dodging        | |  1.5
Stealth        | |  2.1
Fire Magic     | |  3.5

Action                   |  1- 3 |  4- 6 || total
-------------------------+-------+-------++-------
Melee: Unarmed           |    32 |       ||    32
       Whip              |    27 |     9 ||    36
Throw: Stone             |       |     1 ||     1
 Cast: Flame Tongue      |    44 |    18 ||    62
       Conjure Flame     |       |     2 ||     2
  Use: Scroll            |     3 |       ||     3
 Stab: Sleeping          |     2 |       ||     2
  Eat: Chunk             |     2 |     2 ||     4
Armor: Robe              |    27 |     3 ||    30
Dodge: Dodged            |    40 |     9 ||    49
